Description

Quick double expand with phoenix/oracle to scout and harass. Archons and chargelots with +1 can warp in around 6 min

VOD

https://www.twitch.tv/videos/247708274?t=04h06m36s

Build Order

Get SALT Encoding   

  14  0:20  Pylon  
  16  0:40  Gateway  
  17  0:48  Assimilator  
  20  1:25  Nexus  
  20  1:35  Cybernetics Core  
  21  1:44  Assimilator  
  22  1:53  Pylon  
  23  2:11  Adept  scout
  26  2:16  Stargate  
  27  2:23  Warp Gate  
  27  2:29  Adept  stay home
  35  3:01  Phoenix  scout/harass overlords
  39  3:10  Pylon  
  42  3:21  Oracle  scout/harass
  46  3:29  Gateway  
  47  3:45  Nexus  
  49  4:00  Robotics Facility  
  50  4:03  Assimilator  
  51  4:10  Pylon  
  53  4:20  Twilight Council  
  55  4:29  Forge  
  57  4:40  Gateway  
  57  4:45  Gateway  
  57  4:50  Warp Prism  send nearby enemy main/natural
  61  4:56  Pylon  
  63  5:05  Charge (Chrono Boost)  
  63  5:06  Protoss Ground Armor Level 1 (Chrono Boost)  
  65  5:10  Templar Archives  
  65  5:16  Gateway  
  65  5:20  Gateway  
  65  5:21  Gateway  
  65  5:26  Gateway  
  67  5:32  Assimilator  
  67  5:33  Assimilator  
  68  5:40  High Templar x4  warp in at prism and merge into archons
Spawning Tool Build Advisor. Get it on Overwolf

Go to:

Details

  • Created by: unhedged
  • Published on: Apr 08, 2018
  • Modified on: Apr 10, 2018
  • Patch: 4.0.0
Show
View Real Time Build Order
Export as new Build Order

Comments (0)

There are no comments. Be the first!

Create an account to comment!